 Dungeon Crawl Stone Soup version 0.26-a0-667-g92642533e4 (webtiles) character file.

Game seed: 10446488693629939736

43 Ijustatesigmund the Magician (level 3, -6/18 HPs)
             Began as a Spriggan Wanderer on Oct 16, 2020.
             Mangled by a worm (8 damage)
             ... on level 2 of the Dungeon.
             The game lasted 00:03:12 (1623 turns).

Ijustatesigmund the Magician (Spriggan Wanderer)    Turns: 1623, Time: 00:03:13

Health: -6/18      AC:  3    Str:  8    XL:     3   Next: 37%
Magic:  10/10      EV: 17    Int: 13    God:
Gold:   64         SH:  0    Dex: 16    Spells: 12/12 levels left

rFire    . . .     SeeInvis +   a - +1 dagger
rCold    . . .     Faith    .   (shield restricted)
rNeg     . . .     Spirit   .   d - +1 robe
rPois    .         Reflect  .   (helmet restricted)
rElec    .         Harm     .   (no cloak)
rCorr    .         Rampage  .   (gloves unavailable)
MR       .....                  (boots unavailable)
Stlth    +.........             (no amulet)
HPRegen  0.06/turn              (no ring)
MPRegen  0.12/turn              (no ring)

@: very quick
A: very small, unfitting armour, see invisible, speed 3
a: no special abilities


You were on level 2 of the Dungeon.
You visited 1 branch of the dungeon, and saw 2 of its levels.

You collected 64 gold pieces.

Inventory:

Hand Weapons
 a - a +1 dagger (weapon)
Armour
 d - a +1 robe (worn)
Wands
 c - a wand of random effects (3)
Scrolls
 e - a scroll of identify {unknown}
Potions
 f - a potion of ambrosia {unknown}
 h - 3 potions of curing {unknown}


   Skills:
 + Level 1.2 Fighting
 + Level 1.8 Short Blades
 + Level 2.4 Dodging
 - Level 5.3 Spellcasting
   Level 1.2 Hexes
   Level 4.0 Transmutations
 - Level 2.6 Evocations


You had 12 spell levels left.
You didn't know any spells.
Your spell library contained the following spells:

 Spells                   Type           Power        Failure   Level
 Passwall                 Tmut/Erth      #.......     12%         2
 Apportation              Tloc           #.....       19%         1
 Sandblast                Erth           #.....       19%         1
 Portal Projectile        Hex/Tloc       #.....       38%         3
 Stone Arrow              Conj/Erth      #.....       50%         3
 Petrify                  Tmut/Erth      #.......     61%         4
 Lee's Rapid Deconstruct  Erth           #.........   99%         5


Dungeon Overview and Level Annotations

Branches:
Dungeon (2/15)

Altars:
Vehumet


Innate Abilities, Weirdness & Mutations

You are very small and have problems with some larger weapons.
You are too small for most types of armour.
You have supernaturally acute eyesight. (SInv)
You cover ground extremely quickly.


Message History

There is a stone staircase leading up, spattered with blood here.
You see here a rat skeleton.
The worm bites you but does no damage.
You hit the worm.
The worm is heavily wounded.
You barely miss the worm.
The worm is heavily wounded.
The worm bites you.
* * * LOW HITPOINT WARNING * * *
You hit the worm but do no damage.
The worm is heavily wounded.
You hit the worm.
The worm is heavily wounded.
The worm looks more healthy.
The worm misses you.
You barely miss the worm.
The worm is heavily wounded.
You hit the worm.
The worm is severely wounded.
The worm bites you!
You die...

...###.###................#...###
....#...#...........†.#.###.....
...............................#
............#......#...........##
..#................#...........##
.........#..)............##......
.........#......##........#...†..
........)#......##........#....#.
###......<÷.....@w.....(...((.(..
#......#.#.###.#........#......
#......#.#.# #..........#.#....
#....###.#........#.....#.#....
#....# #######.##.#.....#.##...
#.... #.##.#.###.#..(... #....
#.##.... ....##..# #### ........
..#.##..# #.#. ....


You could see a worm.

Vanquished Creatures
  An adder (D:2)
  An ooze (D:1)
  5 bats
  A giant cockroach (D:1)
  4 goblins
  5 hobgoblins
  2 frilled lizards (D:1)
  7 kobolds
  3 rats
29 creatures vanquished.

Notes
Turn   | Place    | Note
-------+----------+-------------------------------------------
     0 | D:1      | Ijustatesigmund the Spriggan Wanderer began the quest for
                  | the Orb.
     0 | D:1      | Ijustatesigmund set off with the following items: a +0
                  | dagger, a wand of random effects (15), a +0 robe; and the
                  | following spells available to memorise: Passwall,
                  | Apportation, Sandblast, Portal Projectile, Stone Arrow,
                  | Petrify, Lee's Rapid Deconstruction
     0 | D:1      | Reached XP level 1. HP: 9/9 MP: 7/7
   303 | D:1      | Reached skill level 1 in Dodging
   333 | D:1      | Reached XP level 2. HP: 7/14 MP: 9/9
   530 | D:1      | Reached skill level 1 in Short Blades
   658 | D:2      | Found a radiant altar of Vehumet.
   847 | D:1      | Reached skill level 1 in Fighting
  1274 | D:1      | Reached XP level 3. HP: 17/18 MP: 10/10
  1623 | D:2      | Mangled by a worm

Illustrated notes

Levels and vault maps discovered:
D:1:      elethiomel_arrival_shortcut, layout_rooms
D:2:      layout_basic, vehumet_crystals

Skill      XL: |  1  2 |
---------------+-------+-----
Dodging        | 1 2 |  2.4
Short Blades   | 1 |  1.8
Fighting       | 1 |  1.2
Spellcasting   | |  5.3
Hexes          | |  1.2
Transmutations | |  4.0
Evocations     | |  2.6

Action                   || total
-------------------------++-------
Melee: Dagger            ||   128
Throw: Dart              ||     8
Evoke: Wand              ||    12
  Use: Scroll            ||     4
 Stab: Paralysed         ||     1
       Sleeping          ||     2
Armor: Robe              ||    22
Dodge: Dodged            ||   127

Table legend: (Time is in decaauts)
 A = Elapsed time spent in this place.
 B = Non-inter-level travel time spent in this place.
 C = Inter-level travel time spent in this place.
 D = Time resting spent in this place.
 E = Time spent auto-exploring this place.
 F = Levels seen in this place.
 G = Mean time per level.
                   A        B        C        D        E       F      G
               +--------+--------+--------+--------+--------+-----+--------+
         Total |   1388 |   1367 |     21 |    707 |    377 |   2 |  694.0 |
       Dungeon |   1388 |   1367 |     21 |    707 |    377 |   2 |  694.0 |
               +--------+--------+--------+--------+--------+-----+--------+

Top non-repeatable levels by time:
     D:1: 1032 daAuts
     D:2: 356 daAuts
